 Dungeon Crawl Stone Soup version 0.21.1-1-g345015fe64 (webtiles) character file.

351 Ivernyr the Ogre Mage (level 6, -1/62 HPs)
             Began as an Ogre Wizard on May 6, 2018.
             Slain by an orc
             ... wielding a +0 trident
              (4 damage)
             ... on level 3 of the Dungeon.
             The game lasted 00:18:00 (3887 turns).

Ivernyr the Ogre Mage (Ogre Wizard)                 Turns: 3887, Time: 00:18:01

Health: -1/62      AC:  4    Str: 12    XL:     6   Next: 61%
Magic:  0/15       EV: 10    Int: 21    God:
Gold:   95         SH:  0    Dex:  7    Spells: 8/17 levels left

rFire    + . .     SeeInvis .   o - +1 trident (venom)
rCold    . . .     Gourm    .   (no shield)
rNeg     . . .     Faith    .   a - +1 robe {rF+}
rPois    +         Spirit   .   b - +0 hat
rElec    .         Reflect  .   (no cloak)
rCorr    .         Harm     .   (gloves unavailable)
MR       .....                  (boots unavailable)
Stlth    +.........             (no amulet)
HPRegen  0.20/turn              i - ring of poison resistance
MPRegen  0.14/turn              (no ring)

@: very slightly contaminated
A: large, unfitting armour, tough skin 1
a: no special abilities


You were on level 3 of the Dungeon.
You were not hungry.

You visited 1 branch of the dungeon, and saw 3 of its levels.

You collected 95 gold pieces.

Inventory:

Hand Weapons
 o - a +1 trident of venom (weapon)
Armour
 a - a +1 robe of fire resistance (worn)
 b - a +0 hat (worn)
Jewellery
 i - a ring of poison resistance (left hand)
Scrolls
 e - 3 scrolls of fear {unknown}
 f - 2 scrolls of teleportation {unknown}
 g - a scroll of remove curse {unknown}
 h - 6 scrolls of identify {unknown}
 k - 2 scrolls of random uselessness {unknown}
 m - 2 scrolls of enchant weapon {unknown}
 n - a scroll of enchant armour {unknown}
Potions
 j - a potion of invisibility {unknown}
 l - a potion of brilliance {unknown}
Comestibles
 d - 7 rations


   Skills:
 + Level 3.7 Fighting
 - Level 2.0 Dodging
 - Level 1.4 Stealth
 * Level 6.2 Spellcasting
 + Level 2.9 Conjurations
   Level 0.8 Summonings
 - Level 0.8 Translocations


You had 8 spell levels left.
You knew the following spells:

 Your Spells              Type           Power        Failure   Level  Hunger
a - Magic Dart            Conj           ###.         2%          1    None
b - Blink                 Tloc           N/A          10%         2    None
c - Conjure Flame         Conj/Fire      ##......     16%         3    #......
d - Mephitic Cloud        Conj/Pois/Air  ##......     19%         3    #......


Dungeon Overview and Level Annotations

Branches:
Dungeon (3/15)

Altars:
Dithmenos
Qazlal
Xom


Innate Abilities, Weirdness & Mutations

You are too large for most types of armour.
You have tough skin. (AC +1)


Message History

* * * LOW HITPOINT WARNING * * *
The orc priest hits you with a morningstar!
* * * LOW HITPOINT WARNING * * *
Casting: Magic Dart
Confirm with . or Enter, or press ? or * to list all spells.
Aiming: Mephitic Cloud
Press: ? - help, Shift-Dir - straight line, f/p - orc priest
Aim: an orc priest, wielding a morningstar and wearing a scale mail (heavily wounded, poisoned)
You miscast Mephitic Cloud.
Sparks fly from your hands!
The orc priest mumbles some strange prayers to Beogh against you.
You struggle to resist.
It was a potion of curing.
You feel better. The orc closely misses you.
The orc priest mumbles some strange prayers to Beogh against you.
Beogh smites you!
* * * LOW HITPOINT WARNING * * *
Okay, then.
You hit the orc priest.
You kill the orc priest!
The orc hits you from afar with a trident.
You die...

........ .
........ >.
........ ..
.......รท ##.#
........ ###.).#
........ #..o#
........ #o######
###########
#.)@...###.##
##.##
######.##...#
#...##
#.##...###...##
##.#..#..#..#..#
##..#.###.#.###.#
#.....# #...# #..
###..## ##.## ##.
###.# #.# #.
#..#### ### ###


You could see an orc.

Vanquished Creatures
  The ghost of Peloso the Covered, an amateur MiFi (D:3)
  3 orc priests
  6 adders
  2 gnolls (D:3)
  2 oozes (D:2)
  A worm (D:2)
  2 dart slugs
  A leopard gecko (D:2)
  10 orcs
  A ball python (D:2)
  6 bats
  4 giant cockroaches
  6 goblins
  7 hobgoblins
  7 jackals
  5 kobolds
  4 quokkas
  7 frilled lizards
  4 rats
79 creatures vanquished.

Notes
Turn   | Place    | Note
-------+----------+-------------------------------------------
     0 | D:1      | Ivernyr the Ogre Wizard began the quest for the Orb.
     0 | D:1      | Reached XP level 1. HP: 16/16 MP: 5/5
   119 | D:1      | Reached skill level 1 in Conjurations
   207 | D:1      | Reached XP level 2. HP: 24/24 MP: 0/6
   220 | D:1      | Reached skill level 4 in Spellcasting
   287 | D:1      | Learned a level 2 spell: Blink
   915 | D:2      | Reached XP level 3. HP: 31/32 MP: 0/8
   985 | D:2      | Learned a level 3 spell: Conjure Flame
   989 | D:2      | Learned a level 3 spell: Mephitic Cloud
  1002 | D:2      | Reached skill level 1 in Fighting
  1711 | D:2      | Reached XP level 4. HP: 42/42 MP: 3/10
  2150 | D:2      | Found a snail-covered altar of Cheibriados.
  2152 | D:2      | Found a snail-covered altar of Cheibriados.
  2152 | D:2      | Found a glowing silver altar of Zin.
  2156 | D:2      | Found a shimmering altar of Xom.
  2156 | D:2      | Found a stormy altar of Qazlal.
  2156 | D:2      | Found a shadowy altar of Dithmenos.
  2395 | D:3      | Reached skill level 5 in Spellcasting
  2416 | D:3      | Noticed Peloso's ghost (amateur MiFi)
  2912 | D:2      | Reached XP level 5. HP: 29/50 MP: 6/12
  3199 | D:3      | Killed Peloso's ghost
  3244 | D:3      | Reached XP level 6. HP: 61/61 MP: 6/14
  3415 | D:3      | Reached skill level 6 in Spellcasting
  3882 | D:3      | HP: 2/61 [orc priest/morningstar (9)]
  3887 | D:3      | Slain by an orc

Skill      XL: |  1  2  3  4  5  6 |
---------------+-------------------+-----
Conjurations   | 1 2 |  2.9
Dodging        | 2 |  2.0
Spellcasting   | 4 5 6 |  6.2
Fighting       | 1 2 3 |  3.7
Stealth        | |  1.4
Summonings     | |  0.8
Translocations | |  0.8

Action                   |  1- 3 |  4- 6 || total
-------------------------+-------+-------++-------
Melee: Unarmed           |    32 |     9 ||    41
       Trident           |       |    39 ||    39
 Cast: Magic Dart        |    91 |   134 ||   225
       Conjure Flame     |       |     5 ||     5
       Blink             |       |     1 ||     1
  Use: Potion            |       |     1 ||     1
  Eat: Chunk             |     2 |     7 ||     9
Armor: Robe              |    25 |    17 ||    42
Dodge: Dodged            |    48 |    53 ||   101
